 Dungeon Crawl Stone Soup version 0.31-a0-1388-g4b2ba238e7 (webtiles) character file.

Game seed: 17507601013837587849

18110 bmb222 the Fighter (level 12, -32/107 HPs)
             Began as a Ghoul Monk on Dec 24, 2023.
             Was an Elder of Makhleb.
             Annihilated by an enormous slime creature (46 damage)
             ... on level 12 of the Dungeon.
             The game lasted 00:17:11 (12679 turns).

bmb222 the Fighter (Ghoul Monk)                    Turns: 12679, Time: 00:17:11

Health: -32/107    AC: 17    Str: 26    XL:     12   Next: 55%
Magic:  19/19      EV: 11    Int:  9    God:    Makhleb [****..]
Gold:   819        SH:  9    Dex: 11    Spells: 11/11 levels left

rFire   x .          .
                       - Unarmed
rCold   + + +        i - +0 kite shield
rNeg    + + +        r - +3 ring mail
rPois   ∞            B - +0 helmet
rElec   +            t - +0 cloak
rCorr   .            (no gloves)
SInv    .            (no boots)
Will    +....        (no amulet)
Stlth   +            p - +6 ring of strength
HPRegen 0.00/turn    w - ring of the Traitor {rElec rF- rC+++ Will+ AC+4}
MPRegen 0.16/turn

%: no passive effects
@: inhibited regen
A: claws 1, cold resistance 1, negative energy resistance 3, inhibited
regeneration, torment resistance 2, devour on kill
a: Renounce Religion, Minor Destruction, Lesser Servant of Makhleb, Major
Destruction


You were on level 12 of the Dungeon.
You worshipped Makhleb.
Makhleb was greatly pleased with you.
You visited 2 branches of the dungeon, and saw 13 of its levels.
You also visited: Sewer.

You collected 819 gold pieces.

Inventory:

Hand Weapons
 d - a +3 whip of electrocution
 e - a +1 dagger of venom
Armour
 a - a +0 robe
 c - an orb of light
 i - a +0 kite shield (worn)
 r - a +3 ring mail (worn)
 t - a +0 cloak (worn)
 B - a +0 helmet (worn)
Jewellery
 p - a +6 ring of strength (left claw)
 w - the ring of the Traitor (right claw) {rElec rF- rC+++ Will+ AC+4}
   (You acquired it on level 10 of the Dungeon)

   [ring of protection]

   AC+4:      It affects your AC (+4).
   rF-:       It makes you vulnerable to fire.
   rC+++:     It renders you almost immune to cold.
   rElec:     It insulates you from electricity.
   Will+:     It increases your willpower.
 E - a +6 ring of strength
Wands
 y - a wand of iceblast (4)
Scrolls
 g - 6 scrolls of teleportation
 h - 3 scrolls of amnesia
 k - 4 scrolls of vulnerability
 x - 5 scrolls of identify
 z - a scroll of brand weapon
 A - a scroll of fear {unknown}
 D - a scroll of blinking {unknown}
Potions
 b - 6 potions of ambrosia
 j - 2 potions of invisibility {unknown}
 l - a potion of lignification
 m - 2 potions of brilliance
 n - 4 potions of attraction
 o - 6 potions of enlightenment
 q - 2 potions of degeneration {unknown}
 s - a potion of might
 u - 3 potions of curing
 v - a potion of berserk rage {unknown}
 C - a potion of magic {unknown}
 F - a potion of resistance {unknown}
Miscellaneous
 f - a lightning rod (4/4)


   Skills:
 + Level 10.5 Fighting
 - Level 9.5 Armour
 - Level 3.4 Dodging
 * Level 6.5 Shields
 + Level 10.5 Unarmed Combat
 * Level 10.3 Invocations


You had 11 spell levels left.
You didn't know any spells.
Your spell library contained the following spells:

 Spells                   Type           Power      Damage    Failure   Level
 Magic Dart               Conj           0%         1d3       71%         1
 Necrotise                Necr           0%         1d4       71%         1
 Summon Small Mammal      Summ           0%         N/A       71%         1
 Blink                    Tloc           0%         N/A       85%         2
 Call Imp                 Summ           0%         N/A       85%         2
 Cigotuvi's Dreadful Rot  Necr/Alch/Air  0%         N/A       85%         2
 Ensorcelled Hibernation  Hex/Ice        0%         N/A       85%         2
 Call Canine Familiar     Summ           0%         N/A       97%         3
 Fugue of the Fallen      Necr           0%         N/A       97%         3
 Summon Guardian Golem    Hex/Summ       0%         N/A       97%         3
 Vampiric Draining        Necr           0%         2d6       97%         3
 Anguish                  Hex/Necr       0%         N/A       100%        4
 Ignite Poison            Fire/Alch      0%         N/A       100%        4
 Agony                    Necr           0%         N/A       100%        5
 Freezing Cloud           Conj/Ice/Air   0%         6-21      100%        5
 Summon Hydra             Summ           0%         N/A       100%        7
 Sublimation of Blood     Necr           Unusable   N/A       N/A         2

Dungeon Overview and Level Annotations

Branches:
Dungeon (12/15)            Temple (1/1) D:6            Lair (0/5) D:9
    Orc (0/2) D:9           Sewer (visited)

Altars:
Ashenzari
Cheibriados
Dithmenos
Fedhas
Gozag
Hepliaklqana
Kikubaaqudgha
Makhleb
Okawaru
Qazlal
Ru
Sif Muna
Trog
Uskayaw
Vehumet
Wu Jian
Xom
Yredelemnul

Shops:
D:10 !

Annotations:
D:5 2 transporters, bungle's ghost, weakling GnDe


Innate Abilities, Weirdness & Mutations

You are immune to poison.
You have sharp fingernails.
Your flesh is cold resistant. (rC+)
You are immune to negative energy. (rN+++)
You do not regenerate when monsters are visible.
You are immune to unholy pain and torment.
You thrive by killing the living.


Message History

The slime creature attacks as it pursues you!
You block the slime creature's attack.
Your green death hits the slime creature!!
The very large slime creature attacks as it pursues you!
You block the very large slime creature's attack.
A large slime creature splits.
The very large slime creature attacks as it pursues you!
The very large slime creature hits you but does no damage.
Your green death gestures at the slime creature.
The bolt of poison hits the slime creature!
The slime creature hits your green death! x2
The slime creature hits your green death.
Your green death hits the slime creature!!
The slime creature closely misses your green death.
The very large slime creature attacks as it pursues you!
The very large slime creature hits you!
* * * LOW HITPOINT WARNING * * *
You feel better.
Two slime creatures merge to form an enormous slime creature.
Your green death gestures at the slime creature.
The poison arrow hits the slime creature!!
The slime creature partially resists.
The slime creature is poisoned.
The slime creature hits your green death!
You mangle the enormous slime creature!!
The enormous slime creature is almost dead.
Your green death gestures at the slime creature.
The blast of poison engulfs the slime creature.
The slime creature looks even sicker.
The slime creature hits your green death.
Unknown command.
Unknown command.
You claw the enormous slime creature!
The enormous slime creature is almost dead.
The orc priest miscasts a cantrip.
Your green death hits the slime creature!
The slime creature hits your green death!
Your green death dies!
Your green death disappears in a puff of smoke!
The enormous slime creature hits you!!!
You die...

....................
.........###########
###......#..........
#......#..........
#......#..........
#......#.#########
#.###'##.# #.#......#
#@#......#
####+###J##.....#
.......oJ.#.....#
........☼☼#.....###
........☼J#.......#
.......☼§☼#.......####
######.§§#..........####
#.).#.........^....
#...#..............


You could see an enormous slime creature (poisoned), 2 slime creatures and an
orc priest.

Vanquished Creatures
  A boulder beetle (D:10)
  A two-headed ogre (D:11)
  3 death yaks (D:9)
  Pikel (D:3)
  An ugly thing (D:12)
  2 gargoyles (D:11)
  4 trolls
  A queen bee (D:11)
  A hornet (D:8)
  2 vampires
  2 shadows
  4 wyverns
  19 yaks
  3 wraiths
  4 vampire mosquitoes (D:12)
  Menkaure (D:7)
  2 water moccasins
  2 acid dragons (D:9)
  7 orc warriors
  4 ice beasts
  A black bear (D:5)
  An ogre (D:4)
  2 lemures (D:3)
  2 centaurs (D:11)
  3 phantoms
  A kobold brigand (Sewer)
  3 gnoll sergeants (D:9)
  A scorpion (D:4)
  18 wights
  36 killer bees
  5 howler monkeys
  2 bombardier beetles (D:4)
  4 jellies (D:6)
  A gnoll bouda (D:8)
  8 orc priests
  A hound (D:5)
  A sleepcap (D:6)
  An iguana (D:6)
  20 orc wizards
  17 gnolls
  2 river rats (Sewer)
  7 adders
  A shadow imp (D:7)
  3 white imps
  2 adder skeletons (D:4)
  A worm (D:4)
  4 dart slugs
  29 orcs
  4 bats
  10 endoplasms
  8 giant cockroaches
  11 goblins
  7 hobgoblins
  4 jackals
  14 kobolds
  3 quokkas
  10 ball pythons
  5 frilled lizards
  A quokka skeleton (D:4)
  10 rats
329 creatures vanquished.

Vanquished Creatures (collateral kills)
  A two-headed ogre (D:9)
  An ugly thing (D:12)
  2 orc warriors
  3 orc wizards
  A gnoll (D:9)
  4 orcs
12 creatures vanquished.

Grand Total: 341 creatures vanquished

Notes
Turn   | Place    | Note
-------+----------+-------------------------------------------
     0 | D:1      | bmb222 the Ghoul Monk began the quest for the Orb.
     0 | D:1      | Reached XP level 1. HP: 19/19 MP: 1/1
    58 | D:1      | Reached XP level 2. HP: 10/26 MP: 2/2
   392 | D:1      | Reached XP level 3. HP: 18/33 MP: 3/3
   902 | D:1      | Found a faded altar of an unknown god.
  1056 | D:2      | Reached XP level 4. HP: 34/40 MP: 4/4
  1840 | D:3      | Reached XP level 5. HP: 47/47 MP: 5/5
  1850 | D:3      | Reached skill level 1 in Armour
  2312 | D:4      | Found a glowing drain.
  2336 | Sewer    | Entered a sewer
  2410 | Sewer    | Noticed a kobold brigand
  2431 | Sewer    | Killed a kobold brigand
  2432 | Sewer    | Reached XP level 6. HP: 33/55 MP: 6/6
  2681 | D:4      | Reached skill level 5 in Fighting
  2691 | D:4      | Reached skill level 5 in Unarmed Combat
  3129 | D:4      | Noticed Pikel
  3202 | D:3      | Killed Pikel
  3203 | D:3      | Reached XP level 7. HP: 39/63 MP: 7/7
  3203 | D:3      | Reached XP level 8. HP: 44/70 MP: 8/8
  3355 | D:4      | Reached skill level 5 in Armour
  3894 | D:5      | Entered Level 5 of the Dungeon
  4147 | D:5      | Reached XP level 9. HP: 73/79 MP: 9/9
  4174 | D:5      | Found a transporter.
  4308 | D:5      | Noticed bungle's ghost (weakling GnDe)
  4323 | D:5      | Found a transporter.
  4446 | D:5      | Found a blossoming altar of Fedhas.
  4844 | D:6      | Found an opulent altar of Gozag.
  5040 | D:6      | Found a staircase to the Ecumenical Temple.
  5418 | Temple   | Entered the Ecumenical Temple
  5455 | Temple   | Became a worshipper of Makhleb the Destroyer
  5455 | Temple   | Reached * piety under Makhleb
  5455 | Temple   | Reached ** piety under Makhleb
  5692 | D:7      | Noticed Menkaure
  5698 | D:7      | Killed Menkaure
  5699 | D:7      | Reached skill level 1 in Invocations
  6188 | D:8      | Reached XP level 10. HP: 87/88 MP: 12/12
  7164 | D:9      | Noticed a death yak
  7164 | D:9      | Noticed a death yak
  7171 | D:9      | Noticed a death yak
  7176 | D:9      | Reached *** piety under Makhleb
  7188 | D:9      | Killed a death yak
  7189 | D:9      | Reached skill level 5 in Invocations
  7202 | D:9      | Killed a death yak
  7608 | D:9      | Reached XP level 11. HP: 95/97 MP: 15/15
  7641 | D:9      | Found a staircase to the Lair.
  7680 | D:9      | Noticed a two-headed ogre
  7696 | D:9      | Killed a two-headed ogre
  7697 | D:9      | Reached skill level 1 in Shields
  8176 | D:9      | Killed a death yak
  8335 | D:9      | Found a hide-covered altar of Uskayaw.
  8351 | D:9      | Found a staircase to the Orcish Mines.
  9319 | D:9      | Found an iron altar of Okawaru.
  9467 | D:9      | Found a faded altar of an unknown god.
  9467 | D:9      | Found a faded altar of an unknown god.
  9489 | D:9      | Found a hazy altar of Hepliaklqana.
  9491 | D:9      | Found a snail-covered altar of Cheibriados.
  9493 | D:9      | Found a stormy altar of Qazlal.
  9526 | D:10     | Entered Level 10 of the Dungeon
  9875 | D:10     | Noticed a boulder beetle
  9894 | D:10     | HP: 2/99 [boulder beetle (14)]
  9895 | D:10     | Killed a boulder beetle
 10184 | D:10     | Identified a scroll of acquirement
 10184 | D:10     | Acquired the ring of the Traitor {rElec rF- rC+++ Will+
                  | AC+4}
 10245 | D:10     | Reached **** piety under Makhleb
 10434 | D:10     | Found Japroara's Distillery.
 10456 | D:10     | HP: 2/99 [yak (8)]
 10466 | D:10     | Reached skill level 10 in Fighting
 10891 | D:11     | Reached skill level 5 in Shields
 10891 | D:11     | Reached skill level 10 in Unarmed Combat
 10891 | D:11     | Reached XP level 12. HP: 101/106 MP: 18/18
 11499 | D:11     | Noticed a two-headed ogre
 11509 | D:11     | Killed a two-headed ogre
 12129 | D:11     | Reached skill level 10 in Invocations
 12663 | D:12     | Reached ***** piety under Makhleb
 12679 | D:12     | Annihilated by an enormous slime creature

Illustrated notes

Levels and vault maps discovered:
D:1:      matt_arrival_diagonals, layout_loops_ring,
          hellmonk_ecumenical_altar_inner_sanctum
D:2:      layout_rooms, corexii_leaking_fountain
D:3:      corexii_shack_village, layout_loops_ring, serial_bayou_ford_a
D:4:      layout_basic, portal_sewer_entry_f, serial_undead, serial_undead_b,
          serial_undead_b, serial_undead_c, serial_undead_b,
          kennysheep_cluttered_room, uniq_pikel
D:5:      layout_basic, mainiacjoe_overflow_catwalk_spiral,
          gammafunk_ghost_stat_death
D:6:      layout_cave_pods, nicolae_gozag_cash_rules_everything_around_me,
          temple_doors_e
D:7:      layout_basic, nemelex_dance_club_becter, uniq_maurice, uniq_menkaure
D:8:      layout_rooms
D:9:      minmay_the_grid_square_5x5_3x3 [minmay_the_grid_square_5x5_two_small,
          minmay_the_grid_square_5x5_shuriken, minmay_the_grid_square_5x5_slash,
          minmay_the_grid_square_5x5_z,
          minmay_the_grid_square_5x5_megaprize_hollow,
          minmay_the_grid_square_5x5_inner_i,
          minmay_the_grid_square_5x5_two_walls_a,
          minmay_the_grid_square_5x5_meh, minmay_the_grid_square_5x5_dogpile],
          layout_loops_ring, okawaru_trees_1,
          chequers_temple_overflow_minitemple, mainiacjoe_overflow_alcove_2,
          dpeg_lair_monsters, orc_0_dummy
D:10:     layout_irregular_city, enter_bailey_2, serial_shops, shop
D:11:     layout_roguey [special_room_bee]
D:12:     layout_irregular_city
Temple:   nicolae_temple_god_jail

Skill      XL: |  1  2  3  4  5  6  7  8  9 10 11 12 |
---------------+-------------------------------------+-----
Dodging        | 3 |  3.4
Fighting       | 4 6 7 8 9 10 | 10.5
Unarmed Combat | 4 5 7 8 9 10 | 10.5
Armour         | 2 4 6 8 9 |  9.5
Invocations    | 3 6 9 10 | 10.3
Shields        | 5 6 |  6.5

Action                     |  1- 3 |  4- 6 |  7- 9 | 10-12 || total
---------------------------+-------+-------+-------+-------++-------
  Melee: Unarmed           |    16 |    52 |   276 |   697 ||  1041
         Dagger            |    91 |   197 |       |       ||   288
 Invoke: Lesser Servant of |       |       |       |     7 ||     7
         Greater Servant o |       |       |       |     1 ||     1
    Use: Scroll            |       |     8 |     1 |     6 ||    15
         Potion            |       |     2 |       |     6 ||     8
   Stab: Distracted        |       |       |       |     3 ||     3
 Armour: Robe              |    43 |    15 |       |       ||    58
         Ring mail         |       |   143 |   177 |   568 ||   888
  Dodge: Dodged            |    67 |   155 |   158 |   327 ||   707
  Block: Kite shield       |       |       |       |   277 ||   277

Table legend: (Time is in decaauts)
 A = Elapsed time spent in this place.
 B = Non-inter-level travel time spent in this place.
 C = Inter-level travel time spent in this place.
 D = Time resting spent in this place.
 E = Time spent auto-exploring this place.
 F = Levels seen in this place.
 G = Mean time per level.
                   A        B        C        D        E       F      G
               +--------+--------+--------+--------+--------+-----+--------+
         Total |  12593 |  11808 |    785 |   2062 |   7092 |  14 |  899.5 |
       Dungeon |  12291 |  11532 |    759 |   2062 |   6928 |  12 | 1024.2 |
        Temple |     55 |     29 |     26 |      0 |      0 |   1 |   55.0 |
         Sewer |    246 |    246 |      0 |      0 |    164 |   1 |  246.0 |
               +--------+--------+--------+--------+--------+-----+--------+

Top non-repeatable levels by time:
     D:9: 2111 daAuts
    D:11: 1497 daAuts
     D:8: 1335 daAuts
    D:10: 1286 daAuts
     D:3: 1186 daAuts
     D:6: 954 daAuts
     D:4: 927 daAuts
     D:1: 919 daAuts
     D:5: 749 daAuts
     D:2: 666 daAuts
    D:12: 339 daAuts
     D:7: 317 daAuts
   Sewer: 246 daAuts
  Temple: 55 daAuts
